 Dungeon Crawl Stone Soup version 0.21-a0-578-gc6e9d75 (webtiles) character file.

348135 Lavandula the Tortoise (level 21, -36/159 HPs)
             Began as a Mummy Chaos Knight on Dec 17, 2017.
             Killed from afar by a tengu reaver (49 damage)
             ... with a bolt of lightning
             ... on level 4 of the Vaults on Dec 18, 2017.
             The game lasted 04:24:02 (72052 turns).

Lavandula the Tortoise (Mummy Chaos Knight)        Turns: 72052, Time: 04:24:03

Health: -36/159    AC: 33    Str: 23    XL:     21   Next: 53%
Magic:  27/36      EV: 18    Int: 17    God:    Xom [..*...]
Gold:   640        SH:  0    Dex: 23    Spells: 3/42 levels left

rFire    . . .     SeeInvis +   v - +3 lajatang (elec)
rCold    + . .     Gourm    .   (shield currently unavailable)
rNeg     + + +     Faith    +   B - +7 pearl dragon scales
rPois    ∞         Spirit   .   u - +2 helmet {SInv}
rElec    .         Reflect  .   b - +1 cloak {rC+}
rCorr    +         Harm     .   (no gloves)
MR       ++...                  s - +2 pair of boots
Stlth    ..........             i - amulet of the Cuttlefish {Faith Str+7 Dex+4}
HPRegen  0.36/turn              Z - ring of Prescription {Fire Dex+4}
MPRegen  0.25/turn              p - ring of resist corrosion

@: very slightly contaminated, deflect missiles
A: no food or potions, fire vulnerability, cold resistance 1, negative energy
resistance 3, torment resistance, unbreathing, in touch with death 1
}: 1/15 runes: barnacled
a: Renounce Religion


You were on level 4 of the Vaults.
You worshipped Xom.
You were a toy of Xom.
You were not hungry.

You visited 8 branches of the dungeon, and saw 41 of its levels.
You visited the Abyss 1 time.
You also visited: Ice Cave and Volcano.

You collected 5522 gold pieces.
You spent 4882 gold pieces at shops.

Inventory:

Hand Weapons
 j - a +6 quarterstaff of speed
 m - a +9 quarterstaff of chaos
 v - a +3 lajatang of electrocution (weapon)
 X - the cursed +14 obsidian axe {chop, +Fly SInv *Curse}
   (You took it off a naga on level 2 of the Snake Pit)

   It inflicts extra damage upon your enemies.
   It lets you see invisible.
   It lets you fly.
   It curses itself when equipped.
   It has a curse placed upon it.
Missiles
 a - 18 curare-tipped needles
 G - 5 throwing nets
 O - 20 javelins of penetration (quivered)
Armour
 b - a +1 cloak of cold resistance (worn)
 q - the +5 helmet "Iphiwod" {Str+4}
   (You acquired it on level 1 of the Vaults)

   It affects your strength (+4).
 s - a +2 pair of boots (worn)
 u - a +2 helmet of see invisible (worn)
 B - +7 pearl dragon scales (worn)
 J - the +4 scale mail of the Oligarchy {rElec rF+ rC+ Str-4}
   (You took it off a deep elf master archer on level 3 of the Elven Halls)

   It affects your strength (-4).
   It protects you from fire.
   It protects you from cold.
   It insulates you from electricity.
 T - the +5 ring mail "Dytydiz" {rF+ Dex+4}
   (You took it off a mummy priest on level 3 of the Crypt)

   It affects your dexterity (+4).
   It protects you from fire.
 W - a +0 hat of magic resistance
Magical Staves
 c - an uncursed staff of wizardry
 V - an uncursed staff of air
Jewellery
 i - the amulet of the Cuttlefish (around neck) {Faith Str+7 Dex+4}
   (You took it off a deep elf mage on level 1 of the Elven Halls)

   [amulet of faith]

   It allows you to gain divine favour quickly.
   It affects your strength (+7).
   It affects your dexterity (+4).
 p - a ring of resist corrosion (right hand)
 A - the ring of Modesty {-Tele rElec Dex+2 Slay+3}
   (Xom gifted it to you on level 8 of the Dungeon)

   [ring of dexterity]

   It affects your dexterity (+2).
   It affects your accuracy and damage with ranged weapons and melee attacks
   (+3).
   It insulates you from electricity.
   It prevents most forms of teleportation.
 C - a +4 ring of dexterity
 L - an uncursed ring of protection from fire
 Z - the ring of Prescription (left hand) {Fire Dex+4}
   (You bought it in a shop on level 2 of the Snake Pit)

   [ring of fire]

   It enhances your fire magic.
   It affects your dexterity (+4).
   It protects you from fire.
   It makes you vulnerable to cold.
Wands
 t - a wand of disintegration (56)
 w - a wand of flame (61)
 x - a wand of polymorph (25)
 y - a wand of paralysis (19)
 D - a wand of iceblast (49)
 E - a wand of enslavement (13)
 H - a wand of acid (16)
 M - a wand of digging (21)
 P - a wand of clouds (13)
Scrolls
 d - 16 scrolls of teleportation
 f - 2 scrolls of magic mapping
 g - 3 scrolls of immolation
 h - 12 scrolls of remove curse
 k - 2 scrolls of silence
 l - 2 scrolls of identify
 n - 4 scrolls of holy word
 o - 2 scrolls of summoning
 z - 4 scrolls of amnesia
 F - a scroll of fog
 N - a scroll of torment
 R - a scroll of brand weapon
Books
 e - a book of Necromancy

   Spells                             Type                      Level
   a - Pain                           Necromancy                   1
   b - Animate Skeleton               Necromancy                   1
   c - Vampiric Draining              Necromancy                   3
   d - Regeneration                   Charms/Necromancy            3
   e - Animate Dead                   Necromancy                   4
   f - Control Undead                 Necromancy                   4
 r - a book of Beasts

   Spells                             Type                      Level
   a - Summon Butterflies             Summoning                    1
   b - Call Canine Familiar           Summoning                    3
   c - Summon Ice Beast               Ice/Summoning                4
   d - Summon Mana Viper              Hexes/Summoning              5
   e - Summon Hydra                   Summoning                    7
 Y - a book of Dreams

   Spells                             Type                      Level
   a - Ensorcelled Hibernation        Hexes/Ice                    2
   b - Silence                        Hexes/Air                    5
   c - Darkness                       Hexes                        6
   d - Shadow Creatures               Summoning                    6
Miscellaneous
 I - 5 sacks of spiders
 Q - a phantom mirror
 S - a box of beasts
 U - a phial of floods


   Skills:
 - Level 12.2 Fighting
   Level 8.0 Long Blades
 - Level 14.0 Staves
 - Level 15.0 Armour
 - Level 9.3 Dodging
 + Level 11.1 Spellcasting
 - Level 4.4 Conjurations
 - Level 3.4 Hexes
 - Level 7.8 Charms
 - Level 14.7 Summonings
 - Level 8.6 Necromancy
 - Level 4.6 Translocations
 - Level 3.6 Fire Magic
 - Level 9.2 Air Magic
 - Level 4.2 Poison Magic
 - Level 4.0 Evocations


You had 3 spell levels left.
You knew the following spells:

 Your Spells              Type           Power        Failure   Level  Hunger
a - Blink                 Tloc           N/A          3%          2    N/A
b - Shadow Creatures      Summ           N/A          6%          6    N/A
c - Conjure Flame         Conj/Fire      ####....     10%         3    N/A
d - Mephitic Cloud        Conj/Pois/Air  ####....     4%          3    N/A
e - Shroud of Golubria    Chrm/Tloc      ####......   1%          2    N/A
f - Infusion              Chrm           ####         1%          1    N/A
g - Apportation           Tloc           ####..       2%          1    N/A
h - Deflect Missiles      Chrm/Air       #####.....   58%         6    N/A
i - Summon Lightning Spi  Summ/Air       ######..     1%          4    N/A
j - Animate Skeleton      Necr           N/A          1%          1    N/A
k - Summon Mana Viper     Hex/Summ       #####...     11%         5    N/A
l - Summon Butterflies    Summ           ######..     1%          1    N/A
m - Control Undead        Necr           ######....   4%          4    N/A

Dungeon Overview and Level Annotations

Branches:
Dungeon (15/15)            Temple (0/1) D:7            Lair (6/6) D:8
 Shoals (4/4) Lair:2        Snake (4/4) Lair:3        Slime (0/5) Lair:6
    Orc (2/2) D:10            Elf (3/3) Orc:2        Vaults (4/5) D:14
  Crypt (3/3) Vaults:2       Tomb (0/3) Crypt:3      Depths (0/5) D:15

Altars:
Cheibriados
Dithmenos
Fedhas
Kikubaaqudgha
Okawaru
Sif Muna
Trog
Uskayaw
Vehumet
Xom
Yredelemnul
Lugonu

Shops:
D:4 ?   Orc:2 *[(:   Elf:1 }}=   Shoals:1 *   Shoals:2 *   Snake:2 *
Vaults:1 *   Vaults:2 :   Vaults:4 [(?:

Portals:
Trove: Elf:3 (give +8 demon blade)

Annotations:
Shoals:1 exclusion: Roxanne, Roxanne
Snake:4 Squigly's ghost, adept MiFi
Elf:2 Jorgrun
Vaults:3 !mennas, Mennas


Innate Abilities, Weirdness & Mutations

You do not eat or drink.
Your flesh is vulnerable to fire.
You are immune to poison.
Your flesh is cold resistant. (rC+)
You are immune to negative energy. (rN+++)
You are immune to unholy pain and torment.
You can survive without breathing.
You are in touch with the powers of death.


Message History

Anything else - Cancel.
Gang up on whom?
Press: ? - help, Dir - move target cursor, f - deep elf knight
Aim: a deep elf knight, wielding a long sword and wearing a buckler (fast, slightly transparent) Attack!
The deep elf knight hits your orc with a long sword.
The death knight hits your orc with a glaive of venom!!
Your orc dies!
Your orc's corpse dissolves into shadows!
Unknown command.
The tengu reaver points at you and mumbles some strange words.
The bolt of lightning hits the death knight.
The bolt of lightning hits your orc.
Your orc dies!
Your orc's corpse dissolves into shadows!
The bolt of lightning hits your orc knight.
The bolt of lightning hits your yaktaur captain.
The bolt of lightning hits you!
You die...
Xom laughs nastily!

.<.# #.......# #......... ...#
#.......# #......... ...#
#.......# ##'######## # ...#
#.......# #.....# # ...#
#.......# #.....# # ...#
#####''##### #.....# # ...#
#......# #.....####### ...#
#......#######p.Q...))....
########......#.@.co.e#######.*..
..#....#......#.#oco#.# #..)p
..#....'......'..o#c..# #...)
..#.#..'....<.#....[..# #(...
..+....#......######### #####
..#'####......# .......########
.......# ..#+####


You could see a tengu reaver, a death knight, a deep elf knight (invisible), a
friendly yaktaur captain, a friendly orc knight, 2 friendly yaktaurs, 2 friendly
orc warriors and a friendly orc.

Vanquished Creatures
  An ancient lich (Crypt:3)
  Bai Suzhen (Crypt:3)
  A lich (Crypt:3)
  2 deep elf master archers (Elf:3)
  Asterion (Snake:3)
  A sphinx (Vaults:1)
  A shadow dragon (shapeshifter) (Vaults:4)
  4 ancient champions
  A nagaraja (Snake:2)
  2 revenants
  Ilsuiw (Shoals:4)
  A frost giant (Vaults:3)
  A fire giant (Vaults:3)
  Aizul (Snake:3)
  13 vault wardens
  2 curse skulls
  6 deep elf sorcerers (Elf:3)
  6 deep elf elementalists (Elf:3)
  4 ghouls (Crypt:1)
  2 stone giants
  7 ironheart preservers
  3 war gargoyles (Crypt:3)
  2 very ugly things (Vaults:4)
  3 vampire knights
  2 entropy weavers
  4 deep elf demonologists
  4 deep elf annihilators (Elf:3)
  Snorg (D:11)
  2 eidola
  5 deep elf death magi
  3 merfolk javelineers
  2 ettins (shapeshifter)
  6 merfolk impalers
  A mummy priest (Crypt:3)
  7 jiangshi
  2 quicksilver dragon zombies
  6 deep elf high priests
  2 ogre magi
  An ice dragon (Vaults:2)
  5 hydras
  2 fire dragons (Vaults:1)
  A great orb of eyes (Vaults:4)
  6 yaktaur captains
  A rakshasa (Vaults:2)
  6 naga warriors
  16 two-headed ogres
  2 merfolk avatars
  2 catoblepae
  16 vault guards
  4 centaur warriors
  6 death knights
  6 merfolk aquamancers
  2 deep troll shamans (Vaults:3)
  9 dancing weapons
  4 satyrs
  10 anacondas
  Urug (D:14)
  2 death yaks
  4 naga sharpshooters
  2 tengu warriors
  5 vampire magi
  13 deep elf knights
  A fire crab (Snake:2)
  A soul eater (Vaults:2)
  An orc high priest (Orc:1)
  A titan skeleton (Crypt:3)
  13 sea snakes
  2 shadow wraiths (Crypt:3)
  A tyrant leech (Vaults:3)
  3 wizards
  A ghost moth zombie (Crypt:2)
  30 skeletal warriors
  11 deep trolls
  A glowing orange brain (Vaults:3)
  4 unseen horrors
  A quicksilver dragon simulacrum (Crypt:1)
  15 flayed ghosts
  A golden dragon skeleton (Crypt:1)
  3 naga ritualists
  3 lindwurms
  13 harpies
  2 necromancers
  9 ironbrand convokers
  4 mana vipers
  8 phantasmal warriors
  12 deep elf archers
  Pikel (D:8)
  11 orc knights
  4 salamanders
  A shadow dragon skeleton (Crypt:2)
  26 ugly things
  2 mana vipers (shapeshifter)
  4 wolf spiders
  16 manticores
  A faun (Shoals:2)
  2 orc sorcerers
  7 cyclopes
  A cyclops (shapeshifter) (Vaults:4)
  A stone giant zombie (Crypt:1)
  2 fire giant zombies
  60 deep elf magi
  3 elephants (Lair:3)
  A moth of wrath (Snake:3)
  11 merfolk sirens
  Maurice (D:8)
  28 black mambas
  An ice statue (IceCv)
  3 centaur zombies
  4 water nymphs
  17 naga magi
  7 vault sentinels
  3 molten gargoyles (Volcano)
  6 fire giant skeletons (Crypt:3)
  A toenail golem (Volcano)
  6 gargoyles
  An eye of devastation (Orc:2)
  3 guardian serpents
  2 torpor snails
  5 centaur skeletons
  16 spiny frogs
  6 rime drakes
  7 komodo dragons
  9 freezing wraiths
  2 kobold demonologists (D:10)
  A black draconian zombie (Crypt:1)
  A demonic crawler (D:13)
  16 yaktaurs
  A pale draconian skeleton (Crypt:1)
  A meliai (Lair:3)
  A jumping spider (shapeshifter) (Lair:2)
  A meliai (shapeshifter) (D:14)
  20 merfolk
  13 polar bears
  9 trolls
  7 wind drakes
  14 hornets
  8 slime creatures
  20 blink frogs
  A bog body (Crypt:1)
  14 hippogriffs
  A sphinx simulacrum (Vaults:1)
  A harpy skeleton (D:14)
  A hydra skeleton (Crypt:3)
  18 dream sheep
  6 snapping turtles
  A hippogriff (shapeshifter) (Vaults:1)
  A snapping turtle (shapeshifter) (D:15)
  A tarantella (shapeshifter) (Vaults:1)
  8 vampires
  4 redbacks (Vaults:3)
  A dire elephant simulacrum (Crypt:2)
  6 shadows
  A wyvern (shapeshifter) (Lair:3)
  An ice dragon skeleton (Crypt:3)
  6 wyverns
  18 water elementals
  6 fire dragon skeletons (Crypt:3)
  7 wraiths
  54 yaks
  An ettin skeleton (Crypt:2)
  2 fire elementals (Elf:3)
  6 hungry ghosts
  5 basilisks
  A steam dragon (D:14)
  9 vampire mosquitoes
  Menkaure (D:7)
  A redback simulacrum (D:15)
  34 nagas
  A glowing shapeshifter zombie (Crypt:1)
  A soldier ant (D:12)
  11 water moccasins
  4 acid dragons
  2 wargs
  10 porcupines
  Duvessa (D:5)
  A floating eye (shapeshifter) (Lair:2)
  A floating eye (D:9)
  An eye of draining (D:12)
  44 orc warriors
  A phantom (D:4)
  A torturous demonspawn skeleton (Crypt:2)
  14 ice beasts
  A slave (D:8)
  3 hornet zombies
  A snapping turtle zombie (Crypt:3)
  A black bear (D:6)
  2 sky beasts
  7 ogres
  A boggart (shapeshifter) (Lair:5)
  23 centaurs
  A necrophage (Crypt:1)
  25 wolves
  A big kobold (D:10)
  8 crocodiles
  A draconian skeleton (Crypt:2)
  29 bullfrogs
  4 earth elementals
  A gnoll sergeant (D:11)
  A human simulacrum (Vaults:2)
  A wyvern zombie (Crypt:2)
  11 scorpions
  A troll skeleton (Crypt:1)
  7 wights
  7 electric eels
  5 crimson imps
  A quasit (D:8)
  A human zombie (Crypt:3)
  11 orc priests
  A bullfrog skeleton (D:4)
  8 hounds
  3 jellies
  A human skeleton (Crypt:3)
  5 iguanas
  16 orc wizards
  10 worker ants
  7 hell rats (Lair:3)
  A demigod skeleton (Crypt:2)
  A hound skeleton (D:8)
  Robin (D:4)
  12 adders
  15 gnolls
  A howler monkey skeleton (D:5)
  A shadow imp (D:11)
  2 white imps (Vaults:2)
  An ooze (shapeshifter) (D:6)
  An ooze (D:6)
  3 adder skeletons
  9 worms
  5 dart slugs
  3 leopard geckos
  79 orcs
  A ball python (D:8)
  A bat skeleton (Crypt:2)
  5 giant cockroaches
  17 goblins
  12 hobgoblins
  8 jackals
  7 kobolds
  11 quokkas
  4 bats
  2 frilled lizards (D:2)
  A kobold (shapeshifter) (D:3)
  A leopard gecko skeleton (D:5)
  A leopard gecko zombie (D:7)
  A quokka skeleton (D:6)
  8 rats
  A rat skeleton (Crypt:1)
  2 crawling corpses (Elf:3)
  4 plants
1514 creatures vanquished.

Vanquished Creatures (collateral kills)
  Xtahua (Crypt:2)
  Jory (Crypt:3)
  An iron dragon (Vaults:4)
  A fire giant (Vaults:4)
  2 nagarajas
  A curse skull (Crypt:1)
  A ghoul (Crypt:1)
  An ironheart preserver (Vaults:4)
  2 vampire knights (Crypt:1)
  An entropy weaver (Vaults:4)
  A slime creature (Vaults:3)
  2 jiangshi (Crypt:1)
  A deep elf death mage (Crypt:1)
  A deep elf high priest (Elf:3)
  An ogre mage (Vaults:1)
  A quicksilver dragon skeleton (Crypt:1)
  A naga warrior (Snake:1)
  2 death knights (Vaults:4)
  2 two-headed ogres
  A merfolk aquamancer (Shoals:4)
  A dancing weapon (Elf:2)
  2 vampire magi (Crypt:1)
  A deep elf knight (Elf:2)
  A soul eater (Crypt:1)
  2 skeletal warriors
  3 flayed ghosts (Crypt:3)
  A deep elf archer (Elf:1)
  3 phantasmal warriors (Crypt:1)
  2 orc knights (Vaults:4)
  A swamp dragon (Snake:4)
  A harpy (Vaults:2)
  A necromancer (Crypt:2)
  An ugly thing (D:15)
  2 deep elf magi (Elf:2)
  A cyclops (Shoals:4)
  A fire giant skeleton (Crypt:3)
  2 merfolk sirens (Shoals:4)
  2 vault sentinels (Vaults:4)
  A centaur skeleton (D:11)
  A rime drake (Lair:4)
  3 yaktaurs (Vaults:1)
  A komodo dragon (shapeshifter) (Vaults:4)
  An anaconda simulacrum (Crypt:2)
  2 merfolk (Shoals:4)
  A dream sheep (Shoals:4)
  A fire giant simulacrum (Crypt:1)
  3 fire dragon skeletons
  2 redbacks (Vaults:4)
  A shadow (Crypt:3)
  2 wraiths
  2 water elementals
  5 yaks (IceCv)
  A vampire mosquito (Lair:5)
  A monstrous demonspawn zombie (Crypt:1)
  An orc warrior (D:11)
  A sky beast (D:8)
  2 wolves
  An earth elemental (Elf:1)
  A wight (Crypt:2)
  A crimson imp (D:10)
  A bullfrog zombie (D:11)
  An orc priest (D:11)
  An orc wizard (D:8)
  An orc (D:8)
  A bat skeleton (Crypt:2)
  A demonic plant (D:10)
94 creatures vanquished.

Vanquished Creatures (others)
  An ogre mage (Vaults:1)
  6 dancing weapons
  A two-headed ogre (D:11)
  A sea snake (Lair:2)
  3 deep elf magi
  A manticore (Shoals:4)
  2 ugly things
  A water nymph (Shoals:2)
  A molten gargoyle (Volcano)
  A yaktaur (Vaults:1)
  A hippogriff (Lair:4)
  3 wyverns (Lair:4)
  A basilisk (Lair:4)
  2 slaves (D:8)
  A bullfrog (D:14)
  Dowan (D:5)
  A wight (D:6)
  A killer bee zombie (Crypt:2)
  9 ball lightnings
  A bush (Lair:4)
  A fire vortex (Volcano)
  18 fungi
  56 plants
  15 withered plants (Crypt:3)
129 creatures vanquished.

Grand Total: 1737 creatures vanquished

Notes
Turn   | Place    | Note
-------+----------+-------------------------------------------
     0 | D:1      | Lavandula the Mummy Chaos Knight began the quest for the Orb.
     0 | D:1      | Reached XP level 1. HP: 18/18 MP: 1/1
    66 | D:1      | XOM: silly message
   230 | D:1      | XOM: silly message
   341 | D:1      | Reached XP level 2. HP: 24/24 MP: 2/2
   601 | D:1      | XOM: smoke on damage
   965 | D:1      | XOM: butterfly on damage
  1049 | D:1      | XOM: divination: detect items
  1132 | D:2      | XOM: enchant monster (bad)
  1140 | D:2      | Reached XP level 3. HP: 26/29 MP: 3/3
  1406 | D:2      | XOM: medium Tloc miscast
  1678 | D:2      | Reached XP level 4. HP: 35/35 MP: 4/4
  1918 | D:2      | Found an ancient bone altar of Kikubaaqudgha.
  2133 | D:2      | XOM: harmless Ice miscast
  2136 | D:2      | XOM: summons 2 hostile demons
  2140 | D:2      | XOM: potion effect (haste)
  2735 | D:2      | Found an iron altar of Okawaru.
  2735 | D:2      | Found a bloodstained altar of Trog.
  2737 | D:2      | Reached XP level 5. HP: 41/41 MP: 5/5
  2790 | D:3      | XOM: polymorph rat -> giant cockroach
  2804 | D:3      | Reached skill level 5 in Long Blades
  3317 | D:3      | XOM: god gift: 24 gold pieces
  3363 | D:4      | Found Xeakk's Magic Scroll Shop.
  3364 | D:4      | XOM: scenery: 1 doors open
  3365 | D:4      | Found a shadowy altar of Dithmenos.
  3376 | D:4      | Bought a scroll of noise for 10 gold pieces
  3376 | D:4      | Bought a scroll of amnesia for 35 gold pieces
  3376 | D:4      | Bought a scroll of fear for 35 gold pieces
  3376 | D:4      | Bought a scroll of summoning for 95 gold pieces
  3421 | D:4      | XOM: divination: detect creatures
  3467 | D:4      | Reached XP level 6. HP: 47/47 MP: 6/6
  3488 | D:4      | XOM: mild Tmut miscast
  3548 | D:4      | XOM: smoke on damage
  3549 | D:4      | XOM: 4-stop teleportation journey
  3930 | D:4      | XOM: summons 3 friendly demons
  3991 | D:4      | Reached skill level 1 in Dodging
  4130 | D:4      | Noticed Robin
  4153 | D:4      | Killed Robin
  4301 | D:4      | Found a hide-covered altar of Uskayaw.
  4519 | D:4      | Reached XP level 7. HP: 47/52 MP: 7/7
  4584 | D:5      | Entered Level 5 of the Dungeon
  4963 | D:5      | XOM: god gift: 17 royal jellies
  5082 | D:5      | Noticed Dowan
  5083 | D:5      | Noticed Duvessa
  5084 | D:5      | Killed Dowan
  5084 | D:5      | XOM: divine lightning
  5088 | D:5      | XOM: confuse monster(s)
  5098 | D:5      | Killed Duvessa
  5470 | D:6      | Reached XP level 8. HP: 50/58 MP: 8/8
  5589 | D:6      | XOM: god gift: glowing quarterstaff {god gift}
  5810 | D:6      | Found a deep blue altar of Sif Muna.
  5840 | D:6      | Reached skill level 1 in Staves
  5935 | D:6      | XOM: divine lightning
  5944 | D:6      | XOM: enchant monster (good)
  6172 | D:6      | XOM: summons friendly iron imp
  6420 | D:7      | XOM: mild Conj miscast
  6444 | D:7      | XOM: severe Tloc miscast
  6606 | D:7      | XOM: god gift: hardcover book {god gift}
  6685 | D:7      | Found a staircase to the Ecumenical Temple.
  6831 | D:7      | XOM: divination: magic mapping
  6932 | D:7      | XOM: medium Chrm miscast
  6954 | D:7      | XOM: confuse monster(s)
  7081 | D:7      | XOM: noise
  7160 | D:7      | Noticed Menkaure
  7176 | D:7      | Killed Menkaure
  7192 | D:7      | XOM: divination: detect items
  7362 | D:6      | Reached skill level 5 in Staves
  7443 | D:6      | XOM: harmless Tloc miscast
  7937 | D:8      | Reached XP level 9. HP: 55/63 MP: 9/9
  8328 | D:8      | XOM: harmless Conj miscast
  8375 | D:8      | Noticed a troll
  8384 | D:8      | XOM: silly message
  8390 | D:8      | Noticed a two-headed ogre
  8391 | D:8      | XOM: potion effect (curing)
  8392 | D:8      | XOM: potion effect (curing)
  8394 | D:8      | XOM: potion effect (haste)
  8395 | D:8      | XOM: potion effect (haste)
  8396 | D:7      | XOM: summons 6 friendly demons
  8505 | D:8      | XOM: mild Erth miscast
  8810 | D:8      | XOM: cloud trail
  8813 | D:8      | Found a staircase to the Lair.
  8856 | D:8      | Noticed Maurice
  8869 | D:8      | Killed Maurice
  9016 | D:8      | Noticed Pikel
  9021 | D:8      | XOM: confuse monster(s)
  9025 | D:8      | Killed Pikel
  9332 | D:8      | XOM: god gift: slimy lapis lazuli ring {god gift}
  9333 | D:8      | Got a slimy lapis lazuli ring {god gift}
  9334 | D:8      | Identified the ring of Modesty {-Tele rElec Dex+2 Slay+3} (Xom gifted it to you on level 8 of the Dungeon)
  9461 | D:9      | Reached XP level 10. HP: 70/70 MP: 10/10
  9500 | D:9      | Noticed a two-headed ogre
  9509 | D:9      | Killed a two-headed ogre
  9538 | D:9      | Noticed a two-headed ogre
  9548 | D:9      | XOM: potion effect (heal wounds)
  9548 | D:9      | Killed a two-headed ogre
  9548 | D:9      | Reached skill level 10 in Staves
  9882 | D:9      | Noticed a two-headed ogre
  9895 | D:9      | XOM: divination: detect creatures
  9903 | D:9      | XOM: summons friendly quasit
  9990 | D:9      | XOM: scenery: create altars
  9997 | D:9      | XOM: chaos upgrade
  9999 | D:9      | XOM: scenery: create altars
 10007 | D:9      | a two-headed ogre changed into a floating eye
 10007 | D:9      | XOM: polymorph two-headed ogre -> floating eye
 10025 | D:9      | XOM: mild Chrm miscast
 10090 | D:9      | XOM: summons 3 friendly demons
 10207 | D:9      | XOM: harmless Summ miscast
 10401 | D:9      | XOM: god gift: amethyst potion {god gift}
 10424 | D:10     | Entered Level 10 of the Dungeon
 10440 | D:10     | XOM: mild Necr miscast
 10548 | D:10     | XOM: summons friendly chaos spawn
 10563 | D:10     | Found a corrupted altar of Lugonu.
 10670 | D:10     | XOM: scenery: 1 doors close
 10679 | D:10     | Noticed a two-headed ogre
 10684 | D:10     | Killed a two-headed ogre
 10800 | D:10     | Reached XP level 11. HP: 72/75 MP: 11/11
 11046 | D:10     | Found a staircase to the Orcish Mines.
 11062 | D:10     | XOM: scenery: 1 doors open, 1 doors close
 11118 | D:10     | XOM: cleaving
 11128 | D:10     | XOM: god gift: 4 fruits
 11237 | D:10     | XOM: god gift: 26 gold pieces
 11434 | D:11     | XOM: summons friendly soul eater
 11439 | D:11     | Killed an unseen horror
 11766 | D:11     | Noticed Snorg
 11780 | D:11     | Killed Snorg
 12145 | D:11     | XOM: summons friendly ufetubus
 12151 | D:11     | Reached skill level 5 in Fighting
 12439 | D:11     | Noticed a two-headed ogre
 12445 | D:11     | Banished a two-headed ogre
 12513 | D:11     | Noticed a tengu warrior
 12514 | D:11     | XOM: scenery: create altars
 12515 | D:11     | XOM: summons 6 friendly demons
 12523 | D:11     | Killed a tengu warrior
 12562 | D:11     | Noticed a cyan ugly thing
 12571 | D:11     | Killed a cyan ugly thing
 12654 | D:11     | XOM: god gift: 12 royal jellies
 12659 | D:11     | Learned a level 2 spell: Blink
 12662 | D:11     | Learned a level 2 spell: Call Imp
 12666 | D:11     | Learned a level 3 spell: Conjure Flame
 12670 | D:11     | Learned a level 3 spell: Mephitic Cloud
 12765 | D:11     | XOM: mild Chrm miscast
 12904 | D:11     | XOM: harmless Chrm miscast
 13030 | D:12     | XOM: enchant monster (bad)
 13042 | D:11     | Reached skill level 5 in Dodging
 13052 | D:11     | XOM: harmless Hex miscast
 13220 | D:12     | Noticed a cyan ugly thing
 13231 | D:12     | Killed a cyan ugly thing
 13495 | D:12     | Noticed a two-headed ogre
 13510 | D:12     | Killed a two-headed ogre
 13733 | D:12     | Noticed a two-headed ogre
 13741 | D:12     | Killed a two-headed ogre
 13741 | D:12     | Reached skill level 2 in Armour
 13741 | D:12     | Reached XP level 12. HP: 75/88 MP: 12/12
 13818 | D:12     | Reached skill level 3 in Armour
 13886 | D:12     | XOM: harmless Fire miscast
 13887 | D:12     | XOM: summons friendly crimson imp
 13915 | D:12     | XOM: summons 2 hostile demons
 13928 | D:12     | Reached skill level 4 in Armour
 14118 | D:12     | You fall through a shaft!
 14353 | D:13     | Reached skill level 5 in Armour
 14735 | D:13     | XOM: noise
 14751 | D:13     | XOM: harmless Fire miscast
 14763 | D:13     | XOM: polymorph efreet -> demonic crawler
 14946 | D:13     | Noticed a five-headed hydra
 14952 | D:13     | Noticed a catoblepas
 14952 | D:13     | a five-headed hydra changed into a catoblepas
 14977 | D:13     | XOM: cloud trail
 15105 | Lair:1   | Entered Level 1 of the Lair of Beasts
 15142 | Lair:1   | Reached skill level 6 in Armour
 15172 | Lair:1   | Found a frozen archway.
 15172 | Lair:1   | XOM: god gift: 22 bolts
 15175 | Lair:1   | XOM: scenery: create altars
 15188 | Lair:1   | XOM: cast spell 'Summon Butterflies'
 15196 | Lair:1   | XOM: noise
 15199 | Lair:1   | XOM: god gift: 8 curare-tipped needles
 15260 | IceCv    | Entered an ice cave
 15262 | IceCv    | XOM: god gift: 26 sling bullets
 15273 | IceCv    | Reached skill level 7 in Armour
 15490 | IceCv    | XOM: mild Necr miscast
 15518 | IceCv    | Reached skill level 1 in Spellcasting
 15549 | IceCv    | XOM: medium Chrm miscast
 15675 | IceCv    | XOM: medium Tmut miscast
 15697 | IceCv    | XOM: summons 6 hostile demons
 15721 | IceCv    | Reached skill level 1 in Translocations
 15827 | IceCv    | XOM: god gift: great mace {god gift}
 16090 | IceCv    | XOM: confusion (+ monsters)
 16102 | IceCv    | XOM: swap monsters
 16111 | IceCv    | XOM: summons friendly ufetubus
 16170 | IceCv    | XOM: confuse monster(s)
 16331 | IceCv    | Noticed a frost giant
 16690 | IceCv    | XOM: summons friendly ufetubus
 16719 | IceCv    | XOM: fake destruction
 16787 | IceCv    | XOM: summons 12 friendly demons
 16809 | Lair:1   | Gained mutation: You are in touch with the powers of death. [Mummy growth]
 16809 | Lair:1   | Reached XP level 13. HP: 88/93 MP: 17/17
 16853 | Lair:1   | XOM: harmless Erth miscast
 16866 | Lair:1   | XOM: enchant monster (good)
 16894 | Lair:1   | XOM: god gift: thin smoking staff {god gift}
 17222 | Lair:1   | XOM: god gift: long jewelled staff {god gift}
 17243 | Lair:1   | XOM: enchant monster (bad)
 17271 | Lair:1   | XOM: enchant monster (bad)
 17743 | Lair:1   | XOM: severe Erth miscast
 18002 | Lair:2   | XOM: polymorph porcupine -> iguana
 18127 | Lair:2   | XOM: noise
 18132 | Lair:2   | XOM: summons 6 hostile demons
 18151 | Lair:2   | XOM: chaos cloud
 18165 | Lair:2   | XOM: polymorph hippogriff -> manticore
 18238 | Lair:1   | XOM: medium Erth miscast
 18496 | Lair:2   | XOM: polymorph yak -> harpy
 18502 | Lair:2   | XOM: enchant monster (bad)
 18515 | Lair:2   | Reached skill level 8 in Armour
 18515 | Lair:2   | XOM: harmless Ice miscast
 18519 | Lair:2   | XOM: summons 3 hostile shadow creatures
 18649 | Lair:2   | XOM: chaos upgrade
 18652 | Lair:2   | XOM: blink monster(s)
 18865 | Lair:2   | XOM: stat loss: -1 Int (13/14)
 18929 | Lair:2   | Found a staircase to the Shoals.
 18992 | Lair:2   | XOM: medium Air miscast
 19183 | Lair:2   | Identified a scroll of acquirement
 19290 | Lair:3   | XOM: confusion
 19294 | Lair:3   | XOM: snakes to sticks
 19311 | Lair:3   | XOM: divination: magic mapping
 19511 | Lair:3   | XOM: harmless Pois miscast
 19521 | Lair:3   | XOM: noise
 19540 | Lair:3   | Reached skill level 1 in Evocations
 19714 | Lair:3   | XOM: harmless Ice miscast
 19861 | Lair:3   | XOM: potion effect (brilliance)
 19866 | Lair:3   | XOM: harmless Erth miscast
 19981 | Lair:3   | XOM: cast spell 'Leda's Liquefaction'
 20199 | Lair:3   | Found a staircase to the Snake Pit.
 20339 | Lair:3   | XOM: harmless Necr miscast
 20391 | Lair:3   | XOM: harmless Ice miscast
 20442 | Lair:4   | XOM: mild Tloc miscast
 20446 | Lair:4   | XOM: enchant monster (good)
 20542 | Lair:4   | Reached skill level 9 in Armour
 20554 | Lair:4   | XOM: harmless Pois miscast
 20745 | Lair:4   | XOM: divination: magic mapping
 20788 | Lair:4   | Reached XP level 14. HP: 101/103 MP: 20/20
 20967 | Lair:4   | XOM: blink monster(s)
 20971 | Lair:4   | XOM: smoke on damage
 20972 | Lair:4   | Noticed an entropy weaver
 20972 | Lair:4   | a death yak changed into an entropy weaver
 20972 | Lair:4   | XOM: polymorph death yak -> entropy weaver
 20975 | Lair:4   | XOM: enchant monster (good)
 20985 | Lair:4   | XOM: confusion (+ monsters)
 20988 | Lair:4   | XOM: summons 5 hostile demons
 20991 | Lair:4   | XOM: divination: detect creatures
 21012 | Lair:4   | XOM: harmless Ice miscast
 21015 | Lair:4   | XOM: 2-stop teleportation journey
 21114 | Lair:4   | XOM: destruction
 21132 | Lair:4   | Killed an entropy weaver
 21169 | Lair:4   | XOM: divination: magic mapping
 21285 | Lair:3   | XOM: divination: magic mapping
 21544 | Lair:4   | Reached skill level 10 in Armour
 21612 | Lair:4   | XOM: potion effect (invisibility)
 21614 | Lair:4   | XOM: summons 3 friendly demons
 21622 | Lair:4   | XOM: summons friendly hellwing
 21668 | Lair:4   | XOM: enchant monster (good)
 22247 | Lair:5   | XOM: medium Air miscast
 22367 | Lair:5   | XOM: harmless Summ miscast
 22552 | Lair:4   | XOM: cloud trail
 22826 | Lair:5   | XOM: confuse monster(s)
 23072 | Lair:5   | XOM: harmless Conj miscast
 23110 | Lair:5   | XOM: harmless Necr miscast
 23128 | Lair:5   | XOM: divination: detect items
 23476 | Lair:6   | Entered Level 6 of the Lair of Beasts
 23495 | Lair:6   | XOM: enchant monster (good)
 23573 | Lair:6   | Reached skill level 1 in Conjurations
 23573 | Lair:6   | Reached skill level 1 in Air Magic
 23573 | Lair:6   | Reached skill level 1 in Poison Magic
 23622 | Lair:6   | Found a dark tunnel.
 23627 | Volcano  | Entered a volcano
 24104 | Volcano  | XOM: potion effect (haste)
 24554 | Lair:6   | XOM: god gift: 17 gold pieces
 24746 | Lair:6   | XOM: potion effect (brilliance)
 24899 | Lair:6   | XOM: cast spell 'Alistair's Intoxication'
 25066 | Orc:1    | Entered Level 1 of the Orcish Mines
 25212 | Orc:1    | XOM: noise
 25369 | Orc:1    | XOM: divination: detect creatures
 25390 | Orc:1    | XOM: 1-stop teleportation journey
 25699 | Orc:1    | XOM: scenery: create altars
 25872 | Orc:2    | Entered Level 2 of the Orcish Mines
 25872 | Orc:2    | Found a staircase to the Elven Halls.
 26242 | Orc:1    | XOM: god gift: warped brass amulet {god gift}
 26255 | Orc:1    | Got a warped brass amulet {god gift}
 26256 | Orc:1    | Identified the amulet "Ukadd" {Faith -Tele Int+7} (Xom gifted it to you on level 1 of the Orcish Mines)
 26303 | Orc:2    | XOM: enchant monster (good)
 26341 | Orc:2    | XOM: cloud trail
 26421 | Orc:2    | XOM: smoke on damage
 26430 | Orc:2    | XOM: scenery: create altars
 26651 | Orc:2    | XOM: enchant monster (good)
 26666 | Orc:2    | XOM: enchant monster (good)
 26858 | Orc:2    | XOM: fake destruction
 26894 | Orc:2    | XOM: blink monster(s)
 26898 | Orc:2    | XOM: mild Tloc miscast
 26900 | Orc:2    | XOM: enchant monster (good)
 26938 | Orc:1    | XOM: 1-stop teleportation journey
 27142 | Orc:2    | XOM: god gift: scroll labeled QEBIESCH VALO {god gift}
 27215 | Orc:2    | XOM: god gift: glowing mace {god gift}
 27252 | Orc:1    | XOM: scenery: create altars
 27446 | Orc:2    | XOM: mild Pois miscast
 27651 | Orc:2    | XOM: divination: detect creatures
 27664 | Orc:2    | XOM: cast spell 'Olgreb's Toxic Radiance'
 27689 | Orc:2    | XOM: medium Air miscast
 27739 | Orc:2    | XOM: harmless Ice miscast
 27889 | Orc:2    | Found Xewibaez's Antique Weapon Shop.
 27889 | Orc:2    | Found Docion's Armour Emporium.
 27891 | Orc:2    | Found Saineliwn's Assorted Antiques.
 27893 | Orc:2    | Found Picuckeo's Book Boutique.
 27905 | Orc:2    | Bought the Grimoire of Aid for 800 gold pieces
 27910 | Orc:2    | Bought a scroll of teleportation for 117 gold pieces
 27913 | Orc:2    | Bought a glowing quarterstaff for 224 gold pieces
 27914 | Orc:2    | Bought a glowing quarterstaff for 224 gold pieces
 27948 | Orc:2    | XOM: summons 2 hostile shadow creatures
 28071 | D:13     | XOM: summons 1 hostile demon
 28078 | D:13     | Reached XP level 15. HP: 97/108 MP: 21/21
 28089 | D:13     | XOM: harmless Pois miscast
 28451 | D:13     | XOM: confuse monster(s)
 28458 | D:13     | XOM: harmless Tmut miscast
 28463 | D:13     | XOM: polymorph hornet -> ice beast
 28595 | D:13     | XOM: blink monster(s)
 28669 | D:14     | XOM: enchant monster (good)
 28700 | D:13     | XOM: mild Tmut miscast
 28737 | D:14     | XOM: smoke on damage
 28949 | D:13     | Learned a level 2 spell: Shroud of Golubria
 28951 | D:13     | Learned a level 1 spell: Infusion
 28960 | D:14     | XOM: cast spell 'Call Canine Familiar'
 29039 | D:14     | XOM: cast spell 'Olgreb's Toxic Radiance'
 29104 | D:13     | XOM: mild Necr miscast
 29209 | D:14     | XOM: repel stairs
 29278 | D:14     | XOM: harmless Air miscast
 29326 | D:14     | XOM: summons 3 hostile demons
 29332 | D:14     | Reached skill level 1 in Charms
 29427 | D:14     | Found a snail-covered altar of Cheibriados.
 29609 | D:14     | XOM: divination: magic mapping
 29663 | D:14     | XOM: enchant monster (bad)
 29675 | D:14     | XOM: blink monster(s)
 29687 | D:14     | XOM: blink monster(s)
 29691 | D:14     | XOM: medium Ice miscast
 30038 | D:14     | Found a gate to the Vaults.
 30075 | D:14     | XOM: chaos cloud
 30198 | D:14     | XOM: stat loss: -1 Int (14/15)
 30214 | D:14     | XOM: divine lightning
 30295 | D:13     | XOM: stat loss: -1 Dex (19/20)
 30523 | D:14     | Reached skill level 5 in Spellcasting
 30551 | D:14     | XOM: summons 7 hostile demons
 30553 | D:15     | Entered Level 15 of the Dungeon
 30796 | Shoals:1 | Entered Level 1 of the Shoals
 30796 | Shoals:1 | Found Asikesuc's Assorted Antiques.
 30804 | Lair:2   | XOM: summons 7 hostile demons
 30806 | Lair:2   | XOM: destruction
 30808 | Lair:2   | XOM: summons 5 hostile demons
 30821 | Lair:2   | XOM: smoke on damage
 30921 | Shoals:1 | XOM: confusion (+ monsters)
 31126 | Lair:2   | XOM: blink monster(s)
 31294 | Shoals:1 | XOM: harmless Hex miscast
 31393 | Shoals:1 | XOM: mild Air miscast
 31396 | Shoals:1 | XOM: 2-stop teleportation journey
 31411 | Shoals:1 | Bought a runed lajatang for 342 gold pieces
 31649 | Shoals:1 | XOM: harmless Chrm miscast
 31692 | Shoals:1 | XOM: summons 1 hostile shadow creature
 31713 | Shoals:1 | Noticed Roxanne
 31880 | Shoals:1 | XOM: 1-stop teleportation journey
 32023 | Shoals:2 | XOM: polymorph faun -> anaconda
 32209 | Shoals:2 | XOM: chaos upgrade
 32218 | Shoals:2 | XOM: swap monsters
 32238 | Shoals:2 | XOM: confusion
 32671 | Shoals:2 | XOM: summons 15 friendly demons
 32743 | Shoals:2 | Found Siec's General Store.
 32751 | Shoals:2 | Learned a level 4 spell: Summon Lightning Spire
 32807 | Shoals:2 | Reached skill level 1 in Summonings
 32816 | Shoals:2 | Bought a scroll of enchant armour for 90 gold pieces
 33008 | Shoals:2 | XOM: scenery: create altars
 33226 | Shoals:2 | XOM: enchant monster (good)
 33625 | Shoals:2 | XOM: destruction
 33748 | Shoals:3 | XOM: cast spell 'Summon Butterflies'
 33774 | Shoals:3 | XOM: polymorph butterfly -> gnoll
 33788 | Shoals:3 | XOM: cast spell 'Ring of Flames'
 33815 | Shoals:3 | XOM: polymorph manticore -> dream sheep
 34138 | Shoals:3 | Got a brightly glowing scale mail
 34139 | Shoals:3 | Identified the cursed +1 scale mail of Sin {*Slow Str+8 Int-2} (You found it on level 3 of the Shoals)
 34325 | Shoals:3 | Reached skill level 5 in Summonings
 34700 | Shoals:4 | Entered Level 4 of the Shoals
 34765 | Shoals:2 | Bought a wand of clouds (7) for 396 gold pieces
 34792 | Lair:2   | XOM: harmless Ice miscast
 34844 | Snake:1  | Entered Level 1 of the Snake Pit
 34845 | Snake:1  | XOM: summons 3 friendly demons
 34847 | Snake:1  | XOM: potion effect (magic)
 34850 | Snake:1  | XOM: scenery: create altars
 34852 | Snake:1  | XOM: fog
 34860 | Snake:1  | XOM: mild Conj miscast
 34861 | Snake:1  | Reached XP level 16. HP: 102/120 MP: 22/25
 34962 | Lair:3   | XOM: swap monsters
 34995 | Snake:1  | XOM: enchant monster (bad)
 35226 | Snake:1  | XOM: summons friendly shadow imp
 35233 | Snake:1  | XOM: enchant monster (bad)
 35250 | Snake:1  | XOM: fog
 35251 | Snake:1  | XOM: chaos upgrade
 35402 | Lair:3   | XOM: harmless Air miscast
 35578 | Lair:3   | XOM: harmless Pois miscast
 35848 | Snake:1  | Identified the +0 ring mail "Zojugig" {rF+ SInv} (You found it on level 1 of the Snake Pit)
 36039 | Snake:1  | XOM: silly message
 36594 | Snake:1  | XOM: confusion (+ monsters)
 36602 | Snake:1  | XOM: enchant monster (bad)
 36812 | Snake:1  | XOM: cast spell 'Alistair's Intoxication'
 36859 | Snake:1  | Learned a level 6 spell: Deflect Missiles
 37160 | Snake:1  | XOM: scenery: create altars
 37222 | Snake:1  | Identified the Catalogue of Sinister Malediction
 37230 | Snake:1  | XOM: scenery: create altars
 37232 | Snake:1  | XOM: scenery: create altars
 37345 | Snake:2  | XOM: god gift: scroll of torment
 37686 | Snake:2  | XOM: fog
 37753 | Snake:2  | XOM: mild Hex miscast
 37760 | Snake:2  | XOM: polymorph black mamba -> fire crab
 37765 | Snake:2  | XOM: repel stairs
 37768 | Snake:2  | XOM: divination: detect items
 37831 | Snake:1  | XOM: mild Air miscast
 38139 | Snake:2  | XOM: silly message
 38327 | Snake:1  | XOM: divination: detect items
 38434 | Snake:2  | XOM: medium Erth miscast
 38535 | Snake:2  | XOM: summons 1 hostile demon
 38595 | Snake:2  | XOM: enchant monster (bad)
 38604 | Snake:2  | Reached skill level 5 in Charms
 38894 | Snake:2  | XOM: 1-stop teleportation journey
 38917 | Snake:2  | XOM: harmless Tmut miscast
 39025 | Snake:2  | Found Vikel's Assorted Antiques.
 39039 | Snake:2  | Bought a slimy copper ring for 140 gold pieces
 39039 | Snake:2  | Identified the ring of Prescription {Fire Dex+4} (You bought it in a shop on level 2 of the Snake Pit)
 39046 | Snake:2  | XOM is BORED!
 39046 | Snake:2  | XOM: mild Tloc miscast
 39078 | Snake:2  | XOM: noise
 39079 | Snake:2  | XOM: mild Air miscast
 39101 | Snake:2  | XOM: blink monster(s)
 39196 | Snake:2  | XOM: mild Ice miscast
 39313 | Snake:2  | XOM: scenery: create altars
 39317 | Snake:2  | XOM: confusion
 39447 | Snake:2  | XOM: severe Tloc miscast
 39727 | Snake:2  | XOM: summons 7 hostile demons
 39987 | Snake:3  | XOM: harmless Air miscast
 40355 | Snake:3  | Reached skill level 5 in Air Magic
 40517 | Snake:3  | XOM: noise
 40518 | Snake:3  | XOM: blink monster(s)
 40520 | Snake:3  | XOM: harmless Pois miscast
 40551 | Snake:3  | Noticed Asterion
 40555 | Snake:3  | XOM: cleaving
 40559 | Snake:3  | Killed Asterion
 41007 | Snake:3  | Found a blossoming altar of Fedhas.
 41013 | Snake:3  | XOM: blink monster(s)
 41443 | Snake:3  | XOM: stat loss: -1 Dex (17/18)
 41692 | Snake:3  | XOM: smoke on damage
 41992 | Snake:4  | Entered Level 4 of the Snake Pit
 42005 | Snake:4  | XOM: summons friendly iron imp
 42024 | Snake:3  | XOM: polymorph mana viper -> komodo dragon
 42247 | Snake:3  | XOM: god gift: hardcover book {god gift}
 42251 | Snake:3  | Learned a level 1 spell: Apportation
 42253 | Snake:3  | Learned a level 1 spell: Animate Skeleton
 42302 | Snake:4  | XOM: snakes to sticks
 42317 | Snake:4  | XOM: summons friendly quasit
 42451 | Snake:4  | Noticed Squigly's ghost (adept MiFi)
 42460 | Snake:4  | XOM: destruction
 42468 | Snake:4  | XOM: scenery: create altars
 42755 | Lair:3   | XOM: cloud trail
 42950 | D:4      | Bought a scroll of enchant armour for 75 gold pieces
 42950 | D:4      | Bought a scroll of magic mapping for 35 gold pieces
 42950 | D:4      | Bought a scroll of teleportation for 30 gold pieces
 43024 | D:6      | XOM: god gift: 7 royal jellies
 43170 | Elf:1    | Entered Level 1 of the Elven Halls
 43175 | Elf:1    | XOM: destruction
 43188 | Elf:1    | Found a radiant altar of Vehumet.
 43254 | Elf:1    | Got a transparent ivory amulet
 43291 | Elf:1    | Reached XP level 17. HP: 109/125 MP: 19/26
 43527 | Elf:1    | XOM: fog
 43570 | Elf:1    | XOM: god gift: leatherbound book {god gift}
 43700 | Elf:1    | XOM: summons 3 friendly demons
 43710 | Elf:1    | XOM: enchant monster (good)
 43716 | Elf:1    | XOM: cleaving
 43728 | Elf:1    | Upgraded the game from 0.21-a0-552-g593960d to 0.21-a0-578-gc6e9d75
 43800 | Elf:1    | XOM: cloud trail
 43811 | Elf:1    | XOM is BORED!
 43811 | Elf:1    | XOM: noise
 43908 | Elf:1    | XOM: smoke on damage
 43925 | Elf:1    | XOM: silly message
 43967 | Elf:1    | XOM: smoke on damage
 44097 | Elf:1    | XOM: 4-stop teleportation journey
 44142 | Elf:1    | XOM: scenery: 1 doors open
 44206 | Elf:1    | XOM: 1-stop teleportation journey
 44258 | Elf:1    | Found Optoum's Jewellery Shoppe.
 44258 | Elf:1    | Found Nilohios's Gadget Boutique.
 44259 | Elf:1    | Found Juthroc's Gadget Boutique.
 44270 | Elf:1    | XOM: scenery: 2 doors close
 44366 | Elf:1    | Identified the amulet of the Cuttlefish {Faith Str+7 Dex+4} (You took it off a deep elf mage on level 1 of the Elven Halls)
 44578 | Elf:1    | XOM: summons 6 friendly demons
 44700 | Elf:1    | XOM: divine lightning
 44893 | Elf:1    | XOM: summons 2 friendly demons
 44901 | Elf:1    | XOM: 3-stop teleportation journey
 45264 | Elf:1    | XOM: enchant monster (bad)
 45281 | Elf:1    | XOM: potion effect (curing)
 45417 | Elf:2    | XOM: potion effect (haste)
 45432 | Elf:1    | XOM: silly message
 45435 | Elf:1    | XOM: silly message
 45562 | Elf:2    | XOM: potion effect (brilliance)
 45563 | Elf:2    | XOM: potion effect (invisibility)
 45650 | Elf:2    | XOM: potion effect (haste)
 45651 | Elf:2    | Noticed a Brimstone Fiend
 45659 | Elf:2    | XOM: harmless Fire miscast
 45761 | Elf:2    | Noticed an Ice Fiend
 45764 | Elf:2    | XOM: swap monsters
 46016 | Elf:2    | Found a runed gate.
 46016 | Elf:2    | Found a runed gate.
 46016 | Elf:2    | Found a runed gate.
 46031 | Elf:2    | XOM: cast spell 'Summon Ice Beast'
 46102 | Elf:2    | XOM: silly message
 46223 | Elf:2    | Learned a level 6 spell: Conjure Ball Lightning
 46461 | Elf:2    | Reached skill level 1 in Fire Magic
 46471 | Elf:2    | Noticed Jorgrun
 46474 | Elf:2    | XOM: cast spell 'Call Canine Familiar'
 46758 | Elf:2    | XOM: enchant monster (good)
 46763 | Elf:2    | XOM: divination: magic mapping
 46776 | Elf:2    | XOM: mild Conj miscast
 46778 | Elf:2    | XOM: summons friendly quasit
 46787 | Elf:2    | HP: 5/125 [battleaxe of venom (21)]
 47111 | Elf:1    | XOM: summons 4 hostile shadow creatures
 47286 | Elf:1    | XOM: summons 3 hostile shadow creatures
 47315 | Elf:2    | XOM: confuse monster(s)
 47422 | Elf:1    | XOM: mild Conj miscast
 47465 | Elf:3    | Entered Level 3 of the Elven Halls
 47534 | Elf:3    | XOM: mild Tloc miscast
 47646 | Elf:3    | XOM: destruction
 47648 | Elf:3    | XOM: potion effect (magic)
 47660 | Elf:3    | XOM: scenery: 1 doors open
 47714 | Elf:3    | XOM: 3-stop teleportation journey
 47876 | Elf:3    | XOM: summons 5 hostile demons
 47926 | Elf:3    | XOM: god gift: 33 gold pieces
 48115 | Elf:3    | XOM: scenery: create altars
 48122 | Elf:3    | Found a portal to a secret trove of treasure.
 48198 | Elf:3    | XOM: summons friendly shadow imp
 48490 | Elf:3    | XOM: confuse monster(s)
 48549 | Elf:3    | XOM: scenery: 1 doors close
 48911 | Elf:3    | XOM: scenery: 1 doors close
 48925 | Elf:3    | XOM: cast spell 'Death Channel'
 48931 | Elf:3    | XOM: confuse monster(s)
 48966 | Elf:3    | XOM: god gift: scroll of silence
 48968 | Elf:3    | XOM: cast spell 'Shadow Creatures'
 49331 | Elf:3    | XOM: divine lightning
 49333 | Elf:3    | XOM: cast spell 'Olgreb's Toxic Radiance'
 49337 | Elf:3    | XOM: polymorph deep elf death mage -> storm dragon
 49367 | Elf:3    | Reached skill level 10 in Fighting
 49379 | Elf:3    | XOM: god gift: 25 gold pieces
 49416 | Elf:3    | XOM: god gift: leather armour {god gift}
 49461 | Elf:3    | Noticed a deep elf master archer
 49473 | Elf:3    | Killed a deep elf master archer
 49473 | Elf:3    | Reached XP level 18. HP: 106/136 MP: 21/29
 49607 | Elf:3    | XOM: cleaving
 49661 | Elf:3    | Got a wavering wooden ring
 49668 | Elf:3    | Identified the ring of Jifrop {rPois rN+} (You took it off a deep elf mage on level 3 of the Elven Halls)
 49719 | Elf:3    | XOM: cleaving
 49720 | Elf:3    | XOM: summons friendly quasit
 49730 | Elf:3    | XOM: polymorph quasit -> white imp
 49749 | Elf:3    | Identified the +4 ring mail of Resourcefulness {+Inv MR- rCorr Stlth+} (You took it off a deep elf master archer on level 3 of the Elven Halls)
 49770 | Elf:3    | XOM: summons 2 hostile demons
 49783 | Elf:3    | XOM: polymorph deep elf annihilator -> death yak
 49832 | Elf:3    | XOM: enchant monster (good)
 50173 | Elf:3    | XOM: summons 5 friendly demons
 50241 | Elf:3    | XOM: god gift: 6 needles of sleeping
 50297 | Elf:3    | XOM: enchant monster (good)
 50312 | Elf:3    | Identified the +4 scale mail of the Oligarchy {rElec rF+ rC+ Str-4} (You took it off a deep elf master archer on level 3 of the Elven Halls)
 50410 | Elf:3    | Identified the cursed +0 robe of the Will of the Gods {-Tele rPois rN+++ Int+2} (You took it off a deep elf mage on level 3 of the Elven Halls)
 50494 | Elf:3    | XOM: fog
 50653 | Elf:3    | Learned a level 1 spell: Summon Butterflies
 50655 | Elf:3    | Identified Ywo Lusa's Sophisticated Spellweaving
 50707 | Elf:3    | XOM: fog
 50750 | Elf:3    | XOM: cast spell 'Disjunction'
 50752 | Elf:3    | XOM: enchant monster (good)
 50788 | Elf:3    | XOM: cleaving
 51110 | D:15     | Noticed Urug
 51111 | D:15     | XOM: enchant monster (good)
 51125 | D:14     | Killed Urug
 51136 | D:14     | XOM: god gift: runed short sword {god gift}
 51257 | D:15     | XOM: harmless Fire miscast
 51265 | D:15     | XOM: noise
 51279 | D:15     | Reached skill level 11 in Armour
 51328 | D:15     | XOM: god gift: 3 needles of sleeping
 51422 | D:15     | Found a staircase to the Depths.
 51477 | D:15     | XOM: divination: detect items
 51495 | D:15     | XOM: enchant monster (bad)
 51505 | D:15     | XOM: fog
 51516 | D:15     | XOM: potion effect (curing)
 51521 | D:15     | XOM: confuse monster(s)
 51815 | D:15     | Reached skill level 12 in Armour
 51824 | D:15     | XOM: enchant monster (bad)
 51837 | D:15     | XOM: enchant monster (good)
 52022 | D:15     | Found a basalt altar of Yredelemnul.
 52188 | D:15     | XOM: potion effect (invisibility)
 52193 | D:15     | XOM: silly message
 52338 | D:15     | XOM: enchant monster (bad)
 52408 | D:15     | XOM: medium Ice miscast
 52481 | D:13     | XOM: cloud trail
 52663 | Shoals:4 | XOM: medium Fire miscast
 52775 | Shoals:4 | XOM: god gift: glowing grey potion {god gift}
 52826 | Shoals:4 | XOM: confuse monster(s)
 52859 | Shoals:4 | XOM: summons 2 friendly demons
 52884 | Shoals:4 | XOM: enchant monster (good)
 52887 | Shoals:4 | Reached skill level 13 in Armour
 52890 | Shoals:4 | Noticed Ilsuiw
 52895 | Shoals:4 | XOM: confuse monster(s)
 52897 | Shoals:4 | XOM: cast spell 'Death Channel'
 52899 | Shoals:4 | XOM: enchant monster (good)
 52902 | Shoals:4 | XOM: summons friendly iron imp
 52905 | Shoals:4 | XOM: divination: magic mapping
 52906 | Shoals:4 | Killed Ilsuiw
 52924 | Shoals:4 | XOM: fake destruction
 53042 | Shoals:4 | XOM: divination: detect items
 53265 | Shoals:4 | XOM: cloud trail
 53296 | Shoals:4 | XOM: god gift: runed quarterstaff {god gift}
 53367 | Shoals:3 | XOM: 1-stop teleportation journey
 53498 | Shoals:4 | XOM: summons 16 friendly demons
 53510 | Shoals:4 | XOM: cleaving
 53512 | Shoals:4 | XOM: enchant monster (good)
 53516 | Shoals:4 | XOM: divine lightning
 53701 | Shoals:4 | Reached skill level 14 in Armour
 54014 | Shoals:4 | XOM: destruction
 54022 | Shoals:4 | XOM: summons friendly crimson imp
 54071 | Shoals:4 | XOM: summons 3 friendly demons
 54096 | Shoals:4 | XOM: summons 3 hostile demons
 54367 | Shoals:4 | XOM: cast spell 'Monstrous Menagerie'
 54461 | Shoals:4 | XOM: confuse monster(s)
 54647 | Shoals:4 | XOM: scenery: create altars
 54680 | Shoals:4 | XOM: destruction
 54694 | Shoals:4 | XOM: polymorph merfolk javelineer -> satyr
 54702 | Shoals:4 | XOM: cleaving
 54821 | Shoals:4 | XOM: god gift: 8 javelins of penetration
 54883 | Shoals:4 | XOM: god gift: 7 gold pieces
 54935 | Shoals:4 | Reached skill level 15 in Armour
 55010 | Shoals:4 | Got a barnacled rune of Zot
 55085 | Shoals:2 | XOM: divination: detect items
 55216 | Snake:4  | Noticed Aizul
 55229 | Snake:3  | Killed Aizul
 55640 | D:12     | XOM: scenery: create altars
 55751 | Vaults:1 | Entered Level 1 of the Vaults
 55789 | Vaults:1 | Found Fatitoom's Assorted Antiques.
 55800 | Vaults:1 | Identified the +3 plate armour of the Ten Dreams {rN++ SInv} (You found it on level 1 of the Vaults)
 55805 | Vaults:1 | Bought a paperback book for 510 gold pieces
 55927 | Vaults:1 | Reached XP level 19. HP: 146/146 MP: 23/31
 55965 | Vaults:1 | XOM: god gift: ring mail {god gift}
 56103 | Vaults:1 | XOM: god gift: wand of disintegration (17)
 56105 | Vaults:1 | XOM: summons friendly iron imp
 56116 | Vaults:1 | XOM: summons friendly quasit
 56188 | Vaults:1 | Learned a level 4 spell: Control Undead
 56209 | Vaults:1 | Reached skill level 1 in Necromancy
 56305 | Vaults:1 | XOM: summons friendly ufetubus
 56526 | Vaults:1 | XOM: noise
 56539 | Vaults:1 | Reached skill level 5 in Necromancy
 56702 | Vaults:1 | XOM: enchant monster (good)
 56743 | Vaults:1 | XOM: potion effect (might)
 56746 | Vaults:1 | XOM: summons friendly shadow imp
 56932 | Vaults:1 | XOM: mild Air miscast
 56957 | Vaults:1 | XOM: potion effect (curing)
 56966 | Vaults:1 | XOM: potion effect (heal wounds)
 56983 | Vaults:1 | XOM: mild Tmut miscast
 57116 | Vaults:1 | XOM: potion effect (brilliance)
 57203 | Vaults:1 | XOM: divination: magic mapping
 57337 | Vaults:1 | XOM: noise
 57348 | Vaults:1 | XOM: summons friendly white imp
 57364 | Vaults:1 | XOM: confuse monster(s)
 57365 | Vaults:1 | XOM: cast spell 'Cause Fear'
 57373 | Vaults:1 | XOM: cleaving
 57387 | Vaults:1 | XOM: enchant monster (good)
 57402 | Vaults:1 | XOM: confuse monster(s)
 57440 | Vaults:1 | XOM: scenery: 4 doors close
 57817 | Vaults:1 | Got a dazzling helmet
 57828 | Vaults:1 | Identified the +5 helmet "Iphiwod" {Str+4} (You acquired it on level 1 of the Vaults)
 58100 | Vaults:2 | Found a staircase to the Crypt.
 58112 | Vaults:2 | XOM: fog
 58340 | Vaults:2 | XOM: god gift: 24 stones
 58378 | Vaults:2 | XOM: divination: detect creatures
 58430 | Vaults:2 | Found Peumiatt's Book Emporium.
 58461 | Vaults:2 | XOM: potion effect (might)
 58493 | Vaults:2 | XOM: summons friendly white imp
 58646 | Vaults:2 | Cast into level 2 of the Abyss (a wizard)
 58646 | Vaults:2 | Escaped the Abyss
 58646 | Vaults:2 | XOM: revert banishment
 58684 | Vaults:2 | XOM: god gift: ring mail {god gift}
 58689 | Vaults:2 | XOM: fog
 58714 | Vaults:2 | XOM: potion effect (agility)
 58715 | Vaults:2 | XOM: divination: detect items
 58747 | Vaults:2 | XOM: mild Tloc miscast
 58801 | Vaults:2 | XOM: silly message
 58815 | Vaults:2 | XOM: harmless Chrm miscast
 59019 | Vaults:2 | XOM: divination: magic mapping
 59120 | Vaults:2 | XOM: swap monsters
 59153 | Vaults:2 | XOM: god gift: 410 gold pieces
 59227 | Vaults:2 | XOM: summons 11 friendly demons
 59230 | Vaults:2 | XOM: harmless Tloc miscast
 59328 | Vaults:2 | XOM: cloud trail
 59560 | Vaults:2 | XOM: harmless Air miscast
 60062 | Vaults:3 | Reached XP level 20. HP: 153/153 MP: 17/33
 60235 | Vaults:3 | XOM: polymorph purple ugly thing -> tyrant leech
 60364 | Vaults:3 | XOM: scenery: 2 doors close
 60496 | Vaults:3 | XOM: polymorph vault warden -> stone giant
 60498 | Vaults:3 | XOM: summons friendly ufetubus
 60503 | Vaults:3 | Reached skill level 10 in Summonings
 60610 | Vaults:3 | XOM: scenery: 4 doors open
 60719 | Vaults:3 | XOM: summons 3 friendly demons
 60821 | Vaults:3 | XOM: enchant monster (bad)
 60990 | Vaults:3 | Noticed Mennas
 60992 | Vaults:3 | XOM: confuse monster(s)
 61096 | Crypt:1  | Entered Level 1 of the Crypt
 61097 | Crypt:1  | XOM: swap monsters
 61109 | Crypt:1  | XOM: summons friendly white imp
 61353 | Crypt:1  | XOM: enchant monster (bad)
 61393 | Crypt:1  | XOM: scenery: create altars
 61394 | Crypt:1  | XOM: potion effect (brilliance)
 61737 | Crypt:1  | XOM: confusion (+ monsters)
 61776 | Crypt:1  | XOM: noise
 61795 | Crypt:1  | XOM: harmless Hex miscast
 61844 | Crypt:1  | XOM: medium Erth miscast
 61848 | Crypt:1  | XOM: harmless Chrm miscast
 61855 | Crypt:1  | XOM: swap monsters
 61856 | Crypt:1  | XOM: medium Tmut miscast
 61860 | Crypt:1  | XOM: chaos upgrade
 61870 | Crypt:1  | XOM: chaos cloud
 62296 | Crypt:1  | XOM: mild Tloc miscast
 62395 | Crypt:1  | XOM: 1-stop teleportation journey
 62560 | Crypt:1  | XOM: medium Air miscast
 62619 | Crypt:1  | XOM: severe Ice miscast
 62647 | Crypt:1  | XOM: noise
 62672 | Crypt:1  | XOM: medium Ice miscast
 62818 | Crypt:1  | Found an ancient bone altar of Kikubaaqudgha.
 63117 | Crypt:1  | XOM: 5-stop teleportation journey
 63488 | Crypt:2  | XOM: potion effect (agility)
 63508 | Crypt:2  | XOM: 7-stop teleportation journey
 63534 | Crypt:2  | XOM: stat loss: -1 Str (26/27)
 63536 | Crypt:2  | XOM: summons friendly shadow imp
 63626 | Crypt:2  | Noticed Xtahua
 63627 | Crypt:2  | XOM: mild Tmut miscast
 63629 | Crypt:3  | Entered Level 3 of the Crypt
 63826 | Crypt:2  | Paralysed by Xtahua for 6 turns
 63835 | Crypt:2  | XOM: severe Chrm miscast
 63978 | Crypt:3  | XOM: harmless Chrm miscast
 64009 | Crypt:3  | XOM: god gift: staff of poison {god gift}
 64014 | Crypt:2  | XOM: harmless Fire miscast
 64033 | Crypt:2  | XOM: potion effect (invisibility)
 64316 | Crypt:2  | XOM: cloud trail
 64343 | Crypt:2  | XOM: confuse monster(s)
 64366 | Crypt:2  | Killed Xtahua
 64393 | Crypt:2  | Learned a level 5 spell: Summon Mana Viper
 64669 | Crypt:2  | XOM: harmless Fire miscast
 64889 | Crypt:3  | XOM: summons friendly crimson imp
 65001 | Crypt:3  | Identified Xom's Handbook of Dust (Xom gifted it to you on level 3 of the Crypt)
 65001 | Crypt:3  | XOM: god gift: Xom's Handbook of Dust
 65053 | Crypt:3  | Identified Cilylal's Guide on the Birds
 65072 | Crypt:3  | XOM: god gift: 15 stones
 65293 | Crypt:3  | XOM: 5-stop teleportation journey
 65327 | Crypt:3  | XOM: polymorph mana viper -> hippogriff
 65364 | Crypt:3  | XOM: scenery: 4 doors close
 65415 | Crypt:3  | Found the +9 sword of Zonguldrok {reap}
 65416 | Crypt:3  | Noticed Jory
 65445 | Crypt:3  | Killed Jory
 65484 | Crypt:3  | Identified the +1 robe of Eternity {MR+ Stlth+} (You found it on level 3 of the Crypt)
 65549 | Crypt:3  | XOM: 1-stop teleportation journey
 65731 | Crypt:3  | XOM: fake destruction
 65800 | Crypt:3  | XOM: 2-stop teleportation journey
 65862 | Crypt:3  | XOM: mild Tloc miscast
 65976 | Crypt:3  | XOM: noise
 66045 | Crypt:3  | XOM: enchant monster (good)
 66194 | Crypt:3  | XOM: summons 3 hostile shadow creatures
 66271 | Crypt:3  | XOM: 1-stop teleportation journey
 66272 | Crypt:3  | XOM: noise
 66276 | Crypt:3  | XOM: swap monsters
 66540 | Crypt:3  | XOM: summons 10 hostile demons
 66718 | Crypt:3  | XOM: mild Chrm miscast
 66904 | Crypt:3  | Found a staircase to the Tomb.
 66911 | Crypt:3  | XOM: enchant monster (bad)
 67048 | Crypt:3  | Noticed Bai Suzhen
 67061 | Crypt:3  | XOM: swap monsters
 67066 | Crypt:3  | XOM: summons 7 friendly demons
 67068 | Crypt:3  | XOM: confusion
 67082 | Crypt:3  | XOM: 7-stop teleportation journey
 67090 | Crypt:3  | Reached XP level 21. HP: 128/159 MP: 34/34
 67134 | Crypt:3  | XOM: noise
 67273 | Crypt:3  | Found an ancient bone altar of Kikubaaqudgha.
 67275 | Crypt:3  | Noticed an ancient lich
 67275 | Crypt:3  | XOM: summons 3 hostile shadow creatures
 67278 | Crypt:3  | Noticed an ancient lich
 67341 | Crypt:3  | XOM: noise
 67545 | Crypt:3  | XOM: medium Hex miscast
 67668 | Crypt:3  | XOM: confusion
 67681 | Crypt:3  | Killed an ancient lich
 67684 | Crypt:3  | XOM: summons 1 hostile demon
 67690 | Crypt:3  | XOM: mild Necr miscast
 67802 | Crypt:3  | XOM: mild Tloc miscast
 67967 | Crypt:3  | XOM: harmless Air miscast
 67979 | Crypt:3  | XOM: potion effect (curing)
 67993 | Crypt:3  | XOM: potion effect (might)
 68004 | Crypt:3  | XOM: summons 3 friendly demons
 68156 | Crypt:3  | XOM: god gift: 19 gold pieces
 68257 | Crypt:3  | XOM: cloud trail
 68292 | Crypt:3  | XOM: summons 10 hostile demons
 68401 | Crypt:3  | XOM: cloud trail
 68644 | Crypt:3  | Killed Bai Suzhen
 69080 | Crypt:3  | Identified the +5 ring mail "Dytydiz" {rF+ Dex+4} (You took it off a mummy priest on level 3 of the Crypt)
 69121 | Crypt:3  | XOM: noise
 69271 | Crypt:3  | XOM: medium Necr miscast
 69275 | Crypt:3  | XOM: summons 2 hostile demons
 69281 | Crypt:3  | XOM: summons 1 hostile demon
 69516 | Vaults:3 | XOM: swap monsters
 69517 | Vaults:3 | XOM: blink monster(s)
 69704 | Vaults:2 | XOM: harmless Conj miscast
 69785 | Vaults:3 | XOM: summons 2 hostile shadow creatures
 70217 | Vaults:4 | Found Heaskani's Book Boutique.
 70220 | Vaults:4 | Bought a book of Dreams for 1200 gold pieces
 70256 | Vaults:4 | XOM: confusion
 70261 | Vaults:4 | XOM: potion effect (heal wounds)
 70281 | Vaults:4 | XOM: divination: detect creatures
 70288 | Vaults:3 | XOM: cast spell 'Summon Butterflies'
 70309 | Vaults:3 | XOM: divination: magic mapping
 70341 | Vaults:3 | XOM: scenery: 1 doors close
 70349 | Vaults:3 | Learned a level 6 spell: Shadow Creatures
 70534 | Vaults:3 | XOM: scenery: 1 doors open
 70715 | Vaults:4 | XOM: scenery: 4 doors open, 1 doors close
 70718 | Vaults:4 | Found Nennetz's Antique Weapon Emporium.
 70720 | Vaults:4 | Found Tuts's Antique Armour Emporium.
 70724 | Vaults:4 | Bought an ichor-stained quarterstaff for 225 gold pieces
 70726 | Vaults:4 | Identified the cursed +2 quarterstaff "Unyuhan" {freeze, rElec} (You bought it in a shop on level 4 of the Vaults)
 70747 | Vaults:4 | Bought a glowing helmet for 135 gold pieces
 70757 | Vaults:4 | Bought an encrusted leather armour for 126 gold pieces
 70757 | Vaults:4 | Identified the cursed +0 leather armour of Reokau {rN+} (You bought it in a shop on level 4 of the Vaults)
 70823 | Vaults:4 | Reached skill level 1 in Hexes
 70837 | Vaults:4 | Found Xownariso's Magic Scroll Emporium.
 70837 | Vaults:4 | XOM: 6-stop teleportation journey
 70858 | Vaults:4 | XOM: harmless Ice miscast
 70862 | Vaults:4 | XOM: confuse monster(s)
 70867 | Vaults:4 | XOM: polymorph vault warden -> shadow dragon
 70875 | Vaults:4 | XOM: medium Fire miscast
 70876 | Vaults:4 | XOM: cast spell 'Shadow Creatures'
 70905 | Vaults:4 | XOM: chaos upgrade
 70979 | Vaults:4 | XOM: summons 8 hostile demons
 71194 | Vaults:4 | XOM: smoke on damage
 71200 | Vaults:4 | XOM: polymorph white very ugly thing -> shadow dragon
 71201 | Vaults:4 | XOM: enchant monster (good)
 71202 | Vaults:4 | XOM: polymorph shadow dragon -> iron dragon
 71221 | Vaults:4 | XOM: enchant monster (good)
 71266 | Vaults:4 | Reached skill level 10 in Spellcasting
 71528 | Vaults:4 | Bought a scroll of fear for 38 gold pieces
 71985 | Vaults:4 | XOM: confusion (+ monsters)
 72018 | Vaults:4 | XOM: potion effect (invisibility)
 72029 | Vaults:4 | XOM: harmless Conj miscast
 72032 | Vaults:4 | XOM: enchant monster (bad)
 72052 | Vaults:4 | Killed from afar by a tengu reaver

Vault maps used:
D:1:      onia_arrival_larder
D:2:      overflow_temple_1_default, gammafunk_temple_overflow_elements,
          minmay_mini_jars
D:4:      old_standard_altar, lemuel_doored_altar, serial_shops, shop,
          uniq_robin
D:5:      first_bread, corexii_shack, uniq_duvessa
D:6:      led_sif_pool
D:7:      minmay_temple_entry_mist, uniq_menkaure
D:8:      erik_lair_island, uniq_maurice, uniq_pikel
D:10:     kennysheep_kobold_lugonu_temple, orc_0_dummy
D:11:     grunt_ogre_cave, uniq_snorg
D:12:     hangedman_abyss_or_decor_slice
D:13:     hive_lemuel
D:14:     david_vaults_5, lemuel_tele_altar
D:15:     grunt_enter_depths_snipers, basic_altar, hangedman_decor_points,
          uniq_urug
Lair:1:   portal_ice_cave_entry_ice_beasts
Lair:2:   elwin_shoals_entry_stream
Lair:3:   minmay_snake_entry_guardpost_medium, beast_lair_carwin_5
Lair:4:   special_room, beast_lair_carwin_9, serial_bayou_shore_b
Lair:6:   minmay_lair_end_frog_pond, slime_altar_1,
          nicolae_volcano_entry_s_turn, grunt_megastairs_2
Shoals:1: serial_shops, nicolae_shop_trees, uniq_roxanne
Shoals:2: serial_shops, nicolae_shop_waterfront
Shoals:3: nicolae_shoals_dead_sea_scrolls
Shoals:4: shoals_end_simple, shoals_ilsuiw_alternative
Snake:1:  hangedman_snake_sidewinding
Snake:2:  serial_shops, shop
Snake:3:  basic_altar, stair_cage_line, serial_bayou_shore_b, uniq_asterion
Snake:4:  grunt_snake_rune_pools, uniq_aizul
Orc:2:    st_orc_rangers
Elf:1:    eino_elf_arrival_altar, kennysheep_underground_church,
          minmay_shop_grove
Elf:2:    uniq_jorgrun
Elf:3:    minmay_elf_hall_curves, trove_entry_hex_spiral
Vaults:1: ontoclasm_vaults_hangar, v_misc_22, v_alt_pattern_3, v_misc_17,
          v_misc_11, ontoclasm_vaults_fault, v_pattern_3, vaults_mumra_hex,
          nicolae_vaults_hallways_thing, vaults_room_grunt_arrival_checkpoint,
          v_misc_17, v_misc_14, nicolae_vaults_circle_grid_b,
          nicolae_vaults_meeting, dpeg_vaults_monster_box, serial_shops, shop
Vaults:2: grunt_vaults_funnel, serial_ice_b, nicolae_vaults_little_squares_6,
          v_rooms_1, nicolae_vaults_diagonal_hallway_9, vaults_mumra_lcd,
          minmay_crypt_entry_simple_sparse, v_misc_25, v_misc_25,
          nicolae_vaults_network_periphery, nicolae_vaults_theta,
          nicolae_vaults_border_crossing, ontoclasm_vaults_loading_screen,
          nicolae_vaults_little_squares_6, serial_shops,
          nicolae_shop_window_shopping
Vaults:3: nicolae_vaults_halls_meeting, vaults_room_pools,
          hangedman_vaults_corner_blocks, grunt_vaults_hallway_short,
          vaults_room_pool, v_misc_9, ontoclasm_vaults_spin,
          ontoclasm_vaults_eye, uniq_mennas
Vaults:4: v_alt_pattern_1, nicolae_vaults_diagonal_hallway_6,
          hangedman_vaults_pinch, hangedman_vaults_nodes,
          vaults_room_fancy_cross, hangedman_vaults_stitches,
          dpeg_vaults_monster_row, grunt_vaults_twisty, v_misc_3,
          nicolae_vaults_ring_of_whatevers, st_diamondy,
          nicolae_vaults_little_squares_1, nicolae_vaults_little_squares_5,
          serial_shops, shop, shop, nicolae_shop_waterfront,
          nicolae_shop_overgrown_old_shop
Crypt:1:  mu_enter_wizlab_7, lemuel_statue_altar
Crypt:2:  uniq_xtahua
Crypt:3:  quadcrypt_mu, uniq_bai_suzhen, uniq_jory
IceCv:    ice_cave_small_giant
Volcano:  volcano_aerie

Skill      XL: |  1  2  3  4  5  6  7  8  9 10 11 12 13 14 15 16 17 18 19 20 21 |
---------------+----------------------------------------------------------------+-----
Long Blades    | 3 4 5 6 7 8 |  8.0
Dodging        | 3 6 7 9 |  9.3
Staves         | 5 8 11 12 13 14 | 14.0
Fighting       | 6 7 9 10 12 | 12.2
Armour         | 2 7 9 10 15 | 15.0
Spellcasting   | 3 4 6 7 8 9 11 | 11.1
Translocations | 4 |  4.6
Evocations     | 4 |  4.0
Conjurations   | 4 |  4.4
Air Magic      | 4 6 9 |  9.2
Poison Magic   | 3 4 |  4.2
Charms         | 4 7 |  7.8
Summonings     | 5 9 13 14 | 14.7
Fire Magic     | 3 |  3.6
Necromancy     | 8 |  8.6
Hexes          | 3 |  3.4

Action                   |  1- 3 |  4- 6 |  7- 9 | 10-12 | 13-15 | 16-18 | 19-21 || total
-------------------------+-------+-------+-------+-------+-------+-------+-------++-------
Melee: Falchion          |    88 |   250 |    57 |       |       |       |       ||   395
       Long sword        |       |       |    50 |       |       |       |       ||    50
       Quarterstaff      |       |       |   222 |   652 |  1528 |   124 |     4 ||  2530
       Lajatang          |       |       |       |       |   400 |  1619 |  1835 ||  3854
Throw: Tomahawk          |       |       |       |     1 |     2 |       |       ||     3
 Cast: Blink             |       |       |       |       |    16 |    27 |    16 ||    59
       Mephitic Cloud    |       |       |       |       |    33 |   114 |    48 ||   195
       Shroud of Golubri |       |       |       |       |    17 |    90 |    49 ||   156
       Infusion          |       |       |       |       |    13 |    69 |    31 ||   113
       Deflect Missiles  |       |       |       |       |       |    13 |     9 ||    22
       Summon Lightning  |       |       |       |       |       |     5 |     1 ||     6
       Conjure Flame     |       |       |       |       |       |     5 |     4 ||     9
       Call Imp          |       |       |       |       |       |     3 |     2 ||     5
       Conjure Ball Ligh |       |       |       |       |       |       |     3 ||     3
       Control Undead    |       |       |       |       |       |       |    38 ||    38
       Summon Mana Viper |       |       |       |       |       |       |    24 ||    24
       Shadow Creatures  |       |       |       |       |       |       |    15 ||    15
Evoke: Wand              |       |       |    10 |    14 |    14 |    20 |     3 ||    61
       Sack of spiders   |       |       |       |     3 |       |       |     2 ||     5
       Box of beasts     |       |       |       |       |       |       |     1 ||     1
       Phantom mirror    |       |       |       |       |       |       |     1 ||     1
  Use: Scroll            |       |     8 |     8 |     8 |    21 |    30 |    16 ||    91
 Stab: Sleeping          |     1 |       |     1 |     1 |       |       |       ||     3
       Confused          |       |     1 |     7 |     6 |    30 |    57 |    43 ||   144
       Petrified         |       |       |     1 |     9 |    17 |     1 |       ||    28
       Paralysed         |       |       |       |    19 |    15 |       |     7 ||    41
       Petrifying        |       |       |       |     5 |     7 |     1 |       ||    13
       Distracted        |       |       |       |     1 |     2 |     4 |     7 ||    14
       Invisible         |       |       |       |       |    13 |    10 |    10 ||    33
       Fleeing           |       |       |       |       |       |       |     1 ||     1
       Betrayed ally     |       |       |       |       |       |       |     4 ||     4
Armor: Leather armour    |    31 |    85 |   150 |     7 |       |       |       ||   273
       Pearl dragon scal |       |       |       |   359 |   854 |   679 |   786 ||  2678
       Ring mail         |       |       |       |       |     8 |       |       ||     8
       Robe              |       |       |       |       |     3 |       |       ||     3
Dodge: Dodged            |    55 |   117 |   174 |   374 |  1014 |   963 |  1141 ||  3838
       Deflected         |       |       |       |       |       |    64 |    52 ||   116
       Rpst.: Falchion   |    15 |    36 |     4 |       |       |       |       ||    55
       Long sword        |       |       |     6 |       |       |       |       ||     6

Table legend:
 A = Spawn XP
 B = Non-spawn XP
 C = Spawn XP percentage of total XP
 D = Spawn monster count
 E = Non-spawn monster count
 F = Spawn count percentage of total count
 G = Total turns spent on level
                    A         B        C        D         E        F      G
               +---------+---------+-------+---------+---------+-------+---------
         Total |       0 |  650338 |   0.0 |       0 |    1599 |   0.0 | 72052
               +---------+---------+-------+---------+---------+-------+---------
           D:1 |       0 |      37 |   0.0 |       0 |      20 |   0.0 |  1594
           D:2 |       0 |     169 |   0.0 |       0 |      36 |   0.0 |  1175
           D:3 |       0 |      75 |   0.0 |       0 |      14 |   0.0 |   784
           D:4 |       0 |     510 |   0.0 |       0 |      30 |   0.0 |  1088
           D:5 |       0 |     534 |   0.0 |       0 |      20 |   0.0 |   866
           D:6 |       0 |     752 |   0.0 |       0 |      20 |   0.0 |  1372
           D:7 |       0 |     855 |   0.0 |       0 |      20 |   0.0 |  1368
           D:8 |       0 |    3592 |   0.0 |       0 |      28 |   0.0 |  1653
           D:9 |       0 |    3114 |   0.0 |       0 |      14 |   0.0 |  1102
          D:10 |       0 |    3816 |   0.0 |       0 |      34 |   0.0 |  1301
          D:11 |       0 |    6245 |   0.0 |       0 |      39 |   0.0 |  1784
          D:12 |       0 |    6272 |   0.0 |       0 |      23 |   0.0 |  1092
          D:13 |       0 |    8296 |   0.0 |       0 |      52 |   0.0 |  2262
          D:14 |       0 |   15035 |   0.0 |       0 |      45 |   0.0 |  1602
          D:15 |       0 |   20529 |   0.0 |       0 |      51 |   0.0 |  1188
        Lair:1 |       0 |    7604 |   0.0 |       0 |      38 |   0.0 |  1834
        Lair:2 |       0 |    7665 |   0.0 |       0 |      25 |   0.0 |  1442
        Lair:3 |       0 |   12223 |   0.0 |       0 |      50 |   0.0 |  2340
        Lair:4 |       0 |   15997 |   0.0 |       0 |      59 |   0.0 |  1431
        Lair:5 |       0 |    7875 |   0.0 |       0 |      36 |   0.0 |  1430
        Lair:6 |       0 |    5527 |   0.0 |       0 |      18 |   0.0 |   868
      Shoals:1 |       0 |    6417 |   0.0 |       0 |      15 |   0.0 |  1254
      Shoals:2 |       0 |   13693 |   0.0 |       0 |      29 |   0.0 |  1250
      Shoals:3 |       0 |    7233 |   0.0 |       0 |      15 |   0.0 |  1449
      Shoals:4 |       0 |   36800 |   0.0 |       0 |      75 |   0.0 |  2034
       Snake:1 |       0 |   15740 |   0.0 |       0 |      37 |   0.0 |  2821
       Snake:2 |       0 |   16084 |   0.0 |       0 |      29 |   0.0 |  1760
       Snake:3 |       0 |   23270 |   0.0 |       0 |      39 |   0.0 |  2806
       Snake:4 |       0 |    2550 |   0.0 |       0 |       5 |   0.0 |   151
         Orc:1 |       0 |    3761 |   0.0 |       0 |      35 |   0.0 |  1607
         Orc:2 |       0 |    8073 |   0.0 |       0 |      55 |   0.0 |  1502
         Elf:1 |       0 |   27018 |   0.0 |       0 |      49 |   0.0 |  2957
         Elf:2 |       0 |   12594 |   0.0 |       0 |      19 |   0.0 |  1099
         Elf:3 |       0 |   61468 |   0.0 |       0 |      67 |   0.0 |  3479
      Vaults:1 |       0 |   57589 |   0.0 |       0 |      94 |   0.0 |  2113
      Vaults:2 |       0 |   45416 |   0.0 |       0 |      66 |   0.0 |  3037
      Vaults:3 |       0 |   36511 |   0.0 |       0 |      44 |   0.0 |  1854
      Vaults:4 |       0 |   27535 |   0.0 |       0 |      49 |   0.0 |  1428
       Crypt:1 |       0 |   32663 |   0.0 |       0 |      49 |   0.0 |  1870
       Crypt:2 |       0 |   22621 |   0.0 |       0 |      34 |   0.0 |   856
       Crypt:3 |       0 |   56576 |   0.0 |       0 |      80 |   0.0 |  5143
         IceCv |       0 |    6961 |   0.0 |       0 |      35 |   0.0 |  1528
       Volcano |       0 |    3043 |   0.0 |       0 |       7 |   0.0 |   478
               +---------+---------+-------+---------+---------+-------+---------
